 Dungeon Crawl Stone Soup version 0.31-a0-1074-g0b22e4e0f1 (webtiles) character file.

Game seed: 6846868512832299803

42 Darius099 the Shield-Bearer (level 3, -2/33 HPs)
             Began as a Minotaur Fighter on Dec 1, 2023.
             Slain by a goblin
             ... wielding a +0 club
             ... led by Robin
              (6 damage)
             ... on level 2 of the Dungeon.
             The game lasted 00:01:58 (764 turns).

Darius099 the Shield-Bearer (Minotaur Fighter)       Turns: 764, Time: 00:01:59

Health: -2/33      AC:  7    Str: 22    XL:     3   Next: 35%
Magic:  2/2        EV:  9    Int:  5    God:
Gold:   70         SH:  4    Dex:  9    Spells: 2/2 levels left

rFire   . . .        a - +0 war axe
rCold   . . .        c - +0 buckler
rNeg    . . .        b - +0 scale mail
rPois   .            (helmet restricted)
rElec   .            (no cloak)
rCorr   .            (no gloves)
SInv    .            (no boots)
Will    +....        (no amulet) Stlth
                     j - ring of willpower
HPRegen 0.25/turn    (no ring)
MPRegen 0.08/turn

%: no passive effects
@: no status effects
A: horns 2, retaliatory headbutt
a: no special abilities


You were on level 2 of the Dungeon.
You visited 1 branch of the dungeon, and saw 2 of its levels.

You collected 70 gold pieces.

Inventory:

Hand Weapons
 a - a +0 war axe (weapon)
Armour
 b - a +0 scale mail (worn)
 c - a +0 buckler (worn)
Jewellery
 j - a ring of willpower (left hand)
Scrolls
 g - a scroll of fog {unknown}
 h - 3 scrolls of identify {unknown}
 i - a scroll of poison {unknown}
 k - 2 scrolls of amnesia {unknown}
 m - a scroll of brand weapon {unknown}
 n - a scroll of fear {unknown}
 o - a scroll of revelation {unknown}
Potions
 d - a potion of might
 e - 2 potions of curing {unknown}
 f - a potion of ambrosia {unknown}
 l - a potion of magic {unknown}


   Skills:
 + Level 4.1 Fighting
 + Level 3.1 Axes
 + Level 4.1 Armour
 + Level 4.1 Shields


You had 2 spell levels left.
You didn't know any spells.
Your spell library was empty.

Dungeon Overview and Level Annotations

Branches:
Dungeon (2/15)

Altars:

Annotations:
D:2 Robin


Innate Abilities, Weirdness & Mutations

You have a pair of horns on your head.
You reflexively headbutt those who attack you in melee.


Message History

You see here an adder corpse.
You feel sick.
You feel sick.
You feel sick.
You feel sick.
You feel sick.
You are no longer poisoned.
A goblin and 2 hobgoblins come into view.
The goblin shouts!
The hobgoblin shouts!
A goblin comes into view. It is wielding a +0 club.
You see here 9 gold pieces.
The goblin shouts!
You hear a shout! x4
A goblin comes into view. It is wielding a +0 club.
The goblin unwields a +0 club.
The goblin wields a +0 sling.
The goblin shoots a sling bullet.
The sling bullet closely misses you.
A goblin comes into view. It is wielding a +0 club.
A hobgoblin comes into view.
You see here 9 gold pieces.
You now have 70 gold pieces (gained 9).
The hobgoblin shouts!
You hear a shout!
Robin of the Strong Arm comes into view.
They are wielding a +0 club.
A goblin comes into view. It is wielding a +0 club.
A goblin comes into view. It is wielding a +0 dagger.
Robin roars a battlecry!
The goblins go into a battle-frenzy!
A goblin comes into view. It is wielding a +0 club.
There are monsters nearby!
You slash the hobgoblin!
You kill the hobgoblin!
You barely miss the hobgoblin.
The hobgoblin hits you but does no damage.
You block the hobgoblin's attack. Robin throws the goblin at you!
* * * LOW HITPOINT WARNING * * *
The goblin attacks as it pursues you! The goblin hits you but does no damage.
The hobgoblin hits you but does no damage.
Robin throws the goblin at you!
* * * LOW HITPOINT WARNING * * *
The goblin attacks as it pursues you! The goblin hits you with a +0 club.
You die...

.......# #.........# ##.###.#
######......####
#.....###.............# #####
#####.....# ###.)<..###...#
###.....##########.........###
#...##...##..............###
.................#......##
.......#.##..####......##
........†...##gg@...#.##
...............g......#
..............gg#######
........>...#gg##
...............####
.......†.†....g...##
...............gg.#
.................g.g.
.....................


You could see Robin, 2 hobgoblins and 5 goblins.

Vanquished Creatures
  An adder (D:2)
  2 dart slugs (D:1)
  An orc (D:2)
  4 bats (D:1)
  An endoplasm (D:2)
  2 giant cockroaches
  3 goblins (D:1)
  2 hobgoblins
  4 kobolds (D:1)
  3 ball pythons
  4 frilled lizards
  2 rats (D:1)
29 creatures vanquished.

Notes
Turn   | Place    | Note
-------+----------+-------------------------------------------
     0 | D:1      | Darius099 the Minotaur Fighter began the quest for the Orb.
     0 | D:1      | Reached XP level 1. HP: 19/19 MP: 0/0
   100 | D:1      | Reached XP level 2. HP: 27/27 MP: 1/1
   678 | D:2      | Reached XP level 3. HP: 33/33 MP: 2/2
   755 | D:2      | Noticed Robin
   764 | D:2      | Slain by a goblin

Illustrated notes

Levels and vault maps discovered:
D:1:      dpeg_arrival_refuge, layout_basic
D:2:      layout_rooms, uniq_robin

Skill      XL: |  1  2 |
---------------+-------+-----
Armour         | 4 |  4.1
Shields        | 4 |  4.1
Fighting       | 4 |  4.1
Axes           | 3 |  3.1

Action                     || total
---------------------------++-------
  Melee: War axe           ||    63
         Headbutt          ||     4
 Armour: Scale mail        ||    49
  Dodge: Dodged            ||    30
  Block: Buckler           ||    11

Table legend: (Time is in decaauts)
 A = Elapsed time spent in this place.
 B = Non-inter-level travel time spent in this place.
 C = Inter-level travel time spent in this place.
 D = Time resting spent in this place.
 E = Time spent auto-exploring this place.
 F = Levels seen in this place.
 G = Mean time per level.
                   A        B        C        D        E       F      G
               +--------+--------+--------+--------+--------+-----+--------+
         Total |    787 |    770 |     17 |      0 |    562 |   2 |  393.5 |
       Dungeon |    787 |    770 |     17 |      0 |    562 |   2 |  393.5 |
               +--------+--------+--------+--------+--------+-----+--------+

Top non-repeatable levels by time:
     D:1: 628 daAuts
     D:2: 159 daAuts
